 Dungeon Crawl Stone Soup version 0.24.0-123-gd5b16e6ec5 (webtiles) character file.

Game seed: 9434024638559105759, levelgen mode: deterministic

44 Dalex the Vandal (level 3, -4/24 HPs)
             Began as a Halfling Hunter on Jan 12, 2020.
             Slain by an ice beast (11 damage)
             ... on level 2 of the Dungeon on Jan 13, 2020.
             The game lasted 00:16:08 (1506 turns).

Dalex the Vandal (Halfling Hunter)                  Turns: 1506, Time: 00:16:15

Health: -4/24      AC:  3    Str: 13    XL:     3   Next: 85%
Magic:  3/3        EV: 14    Int:  9    God:
Gold:   80         SH:  0    Dex: 15    Spells: 2/2 levels left

rFire    . . .     SeeInvis .   a - +1 hunting sling
rCold    . . .     Gourm    .   (shield restricted)
rNeg     . . .     Faith    .   c - +0 leather armour
rPois    .         Spirit   .   (no helmet)
rElec    .         Reflect  .   l - scarf {repulsion}
rCorr    .         Harm     .   (no gloves)
MR       .....                  (no boots)
Stlth    ++........             (no amulet)
HPRegen  0.08/turn              (no ring)
MPRegen  0.08/turn              (no ring)

@: repel missiles
A: small, mutation resistance 1
a: no special abilities


You were on level 2 of the Dungeon.
You were not hungry.

You visited 1 branch of the dungeon, and saw 2 of its levels.

You collected 80 gold pieces.

Inventory:

Hand Weapons
 a - a +1 hunting sling (weapon)
 b - a +0 short sword
Missiles
 d - 19 sling bullets (quivered)
 k - 49 stones
Armour
 c - a +0 leather armour (worn)
 l - a scarf of repulsion (worn)
 n - a cursed +0 helmet
 o - a +2 pair of gloves
Jewellery
 m - an uncursed ring of stealth
Scrolls
 e - a scroll of noise {unknown}
 g - 4 scrolls of remove curse {unknown}
 h - a scroll of fear {unknown}
 i - 4 scrolls of identify {unknown}
 p - a scroll of teleportation {unknown}
 q - a scroll of enchant weapon {unknown}
Potions
 j - a potion of lignification {unknown}
 r - a potion of mutation {unknown}
 s - a potion of curing {unknown}
Comestibles
 f - a ration


   Skills:
 + Level 2.0 Fighting
 * Level 7.1 Slings
 * Level 0.4(3.0) Throwing
 + Level 0.4 Armour
 * Level 2.3 Dodging
 * Level 1.2 Stealth


You had 2 spell levels left.
You didn't know any spells.
Your spell library was empty.

Dungeon Overview and Level Annotations

Branches:
Dungeon (2/15)

Altars:


Innate Abilities, Weirdness & Mutations

You are small and have problems with some larger weapons.
You are somewhat resistant to further mutation.


Message History

Aim: an ice beast (lightly wounded)
You shoot a sling bullet.
The sling bullet hits the ice beast but does no damage.
The ice beast is lightly wounded.
The ice beast hits you but does no damage.
Firing (i - inventory. (/) - cycle)
d - 21 sling bullets (quivered)
Press: ? - help, Shift-Dir - straight line, f/p - ice beast
Aim: an ice beast (lightly wounded)
You shoot a sling bullet.
The sling bullet closely misses the ice beast.
Firing (i - inventory. (/) - cycle)
d - 20 sling bullets (quivered)
Press: ? - help, Shift-Dir - straight line, f/p - ice beast
Aim: an ice beast (lightly wounded)
You shoot a sling bullet.
The sling bullet hits the ice beast but does no damage.
The ice beast is lightly wounded.
The ice beast hits you.
* * * LOW HITPOINT WARNING * * *
The ice beast freezes you!
You die...

......#........#.#....#####..
).......†......#(.$....#
......######.....#.....#
#####.# ##....#.#......
#.####.......(.####.#
#........##....## .#
#........##....(#....
#........##.Y.......
##.......##(@..##...
#.......####### .(. #.......#
.. #.......# #.......#


You could see an ice beast.

Vanquished Creatures
  An adder (D:2)
  A worm (D:1)
  3 leopard geckos (D:2)
  4 giant cockroaches
  4 hobgoblins
  A ball python (D:2)
  2 bats
  A frilled lizard (D:2)
  7 goblins
  3 kobolds
27 creatures vanquished.

Notes
Turn   | Place    | Note
-------+----------+-------------------------------------------
     0 | D:1      | Dalex the Halfling Hunter began the quest for the Orb.
     0 | D:1      | Reached XP level 1. HP: 14/14 MP: 1/1
   112 | D:1      | Reached skill level 6 in Slings
   331 | D:1      | Reached XP level 2. HP: 19/19 MP: 2/2
  1265 | D:2      | Reached XP level 3. HP: 12/24 MP: 3/3
  1346 | D:2      | Reached skill level 7 in Slings
  1486 | D:2      | Noticed an ice beast
  1506 | D:2      | Slain by an ice beast

Levels and vault maps discovered:
D:1:      minmay_arrival_split_and_join, layout_loops_ring
D:2:      layout_rooms

Skill      XL: |  1  2  3 |
---------------+----------+-----
Slings         | 6 7 |  7.1
Fighting       | 2 |  2.0
Throwing       | |  0.4
Armour         | |  0.4
Dodging        | |  2.3
Stealth        | |  1.2

Action                   || total
-------------------------++-------
 Fire: Hunting sling     ||    81
  Eat: Ration            ||     1
Armor: Leather armour    ||     8
Dodge: Dodged            ||    16
